 Dungeon Crawl Stone Soup version 0.22-a0-558-gc224181 (webtiles) character file.

140 iamserjio the Skirmisher (level 5, 4/39 HPs)
             Began as an Octopode Wanderer on June 27, 2018.
             Quit the game on level 3 of the Dungeon.
             The game lasted 00:04:25 (2098 turns).

iamserjio the Skirmisher (Octopode Wanderer)        Turns: 2098, Time: 00:04:26

Health: 4/39       AC:  1    Str: 12    XL:     5   Next: 23%
Magic:  5/5        EV: 13    Int: 15    God:
Gold:   132        SH:  3    Dex: 11    Spells: 4/4 levels left

rFire    . . .     SeeInvis .   a - +2 mace
rCold    . . .     Gourm    .   n - +0 buckler
rNeg     . . .     Faith    .   (helmet restricted)
rPois    .         Spirit   .   (no amulet)
rElec    .         Reflect  .   (no ring)
rCorr    .         Harm     .   (no ring)
MR       .....                  (no ring)
Stlth    +++.......             (no ring)
HPRegen  0.13/turn              (no ring)
MPRegen  0.09/turn              (no ring)
                                (no ring)
                                (no ring)

@: lethally poisoned (4 -> -8), hasted, very quick
A: almost no armour, stealthy swim, amphibious, 8 rings, constrict 8, camouflage
1, gelatinous body 1
a: no special abilities


You were on level 3 of the Dungeon.
You were hungry.

You visited 1 branch of the dungeon, and saw 3 of its levels.

You collected 132 gold pieces.

Inventory:

Hand Weapons
 a - a +2 mace (weapon)
 e - a +1 hand axe of electrocution
 k - a cursed -1 dagger
 m - a +0 dagger of freezing
Armour
 n - a +0 buckler (worn)
Scrolls
 c - a scroll of teleportation
 g - a scroll of noise {unknown}
 h - 2 scrolls of immolation {unknown}
 i - 3 scrolls of identify {unknown}
 o - 3 scrolls of magic mapping {unknown}
 p - a scroll of fear {unknown}
 q - a scroll of blinking {unknown}
Potions
 f - a potion of haste
Comestibles
 d - 10 rations


   Skills:
 - Level 5.0 Fighting
 - Level 2.0 Maces & Flails
   Level 1.0 Bows
 - Level 1.0 Throwing
 * Level 3.8 Dodging
 + Level 3.6 Stealth
   Level 1.1 Evocations


You had 4 spell levels left.
You didn't know any spells.
Your spell library was empty.

Dungeon Overview and Level Annotations

Branches:
Dungeon (3/15)

Altars:
Hepliaklqana
Xom


Innate Abilities, Weirdness & Mutations

You cannot wear most types of armour.
You are very stealthy in the water. (Stealth+)
You are amphibious.
You can wear up to eight rings at the same time.
You can use your tentacles to constrict eight enemies at once.
Your skin changes colour to match your surroundings (Stealth+).
Your rubbery body absorbs attacks. (AC +1, EV +1)


Message History

You cannot move.
You feel sick.
You feel sick. The orc hits you but does no damage.
You are lethally poisoned!
The orc hits you but does no damage.
* * * LOW HITPOINT WARNING * * *
You feel sick.
You feel less wooden.
* * * LOW HITPOINT WARNING * * *
You feel sick. The orc closely misses you.
You feel better.
The orc hits you from afar with a trident of venom!
* * * LOW HITPOINT WARNING * * *
You are lethally poisoned!
* * * LOW HITPOINT WARNING * * *
You feel sick.
* * * LOW HITPOINT WARNING * * *
You feel sick.
Okay, then.
Are you sure you want to abandon this character and quit the game? (Confirm with "yes".)

.....#
#<.....#..#......##.....#
.....#
#.........#..........####
..[..###..#.####.#####....###
............# #.# #.#.##
......##...## #.#####.#.#
..........## ###.#.....#.#
.....###..####.....#####.#
.....##........#.### #.#
...........#####@.# #.#
...........# ##.# #.#
.....###..## #.# #.#
.....###..# #o# #.#
..(.......#### ... #.#
..........>.........
......##.######......
......##.# #......#
..<...##.# #......#


You could see an orc.

Vanquished Creatures
  An orc wizard (D:3)
  3 adders
  An ooze (D:2)
  A worm (D:2)
  2 dart slugs
  3 orcs (D:3)
  6 giant cockroaches
  8 goblins
  5 hobgoblins
  11 jackals
  2 quokkas (D:2)
  9 bats
  4 frilled lizards
  6 kobolds
  10 rats
72 creatures vanquished.

Notes
Turn   | Place    | Note
-------+----------+-------------------------------------------
     0 | D:1      | iamserjio the Octopode Wanderer began the quest for the Orb.
     0 | D:1      | iamserjio set off with: a +2 mace, a potion of lignification, a scroll of teleportation, a ration
     0 | D:1      | Reached XP level 1. HP: 18/18 MP: 1/1
   102 | D:1      | Reached skill level 1 in Dodging
   102 | D:1      | Reached skill level 1 in Stealth
   107 | D:1      | Reached XP level 2. HP: 24/24 MP: 2/2
   569 | D:1      | Reached XP level 3. HP: 29/29 MP: 3/3
  1251 | D:2      | Reached XP level 4. HP: 35/35 MP: 4/4
  1269 | D:2      | Found a hazy altar of Hepliaklqana.
  1270 | D:2      | Found a shimmering altar of Xom.
  1270 | D:2      | Noticed a tentacled monstrosity
  1271 | D:2      | Noticed a tentacled monstrosity
  1271 | D:2      | Noticed a spectral ugly thing
  2082 | D:3      | Reached XP level 5. HP: 16/39 MP: 5/5
  2098 | D:3      | Quit the game

Vault maps used:
D:1:      lightli_arrival_statue_moat
D:2:      regret_index_temple_of_mockery, st_stairs_5
D:3:      first_ration, uniq_natasha

Skill      XL: |  1  2  3  4 |
---------------+-------------+-----
Dodging        | 1 2 3 |  3.8
Stealth        | 1 2 3 |  3.6
Fighting       | |  5.0
Maces & Flails | |  2.0
Bows           | |  1.0
Throwing       | |  1.0
Evocations     | |  1.1

Action                   |  1- 3 |  4- 6 || total
-------------------------+-------+-------++-------
Melee: Mace              |    74 |    72 ||   146
       Constrict         |    20 |    12 ||    32
       Tentacles         |    10 |     8 ||    18
  Use: Potion            |       |     6 ||     6
 Stab: Sleeping          |     7 |     4 ||    11
  Eat: Chunk             |     1 |     2 ||     3
Armor: Skin              |     6 |    46 ||    52
Dodge: Dodged            |    59 |    52 ||   111

Table legend:
 A = Spawn XP
 B = Non-spawn XP
 C = Spawn XP percentage of total XP
 D = Spawn monster count
 E = Non-spawn monster count
 F = Spawn count percentage of total count
 G = Total turns spent on level
                    A         B        C        D         E        F      G
               +---------+---------+-------+---------+---------+-------+---------
         Total |       0 |     201 |   0.0 |       0 |      72 |   0.0 |  2098
               +---------+---------+-------+---------+---------+-------+---------
           D:1 |       0 |      54 |   0.0 |       0 |      32 |   0.0 |   858
           D:2 |       0 |      82 |   0.0 |       0 |      31 |   0.0 |   743
           D:3 |       0 |      65 |   0.0 |       0 |       9 |   0.0 |   497
               +---------+---------+-------+---------+---------+-------+---------
